Map: 아몬의 낫

Players

테라진

  • Race: Terran Terran
  • Spawn Location: 5:00

밤하늘

  • Race: Protoss Protoss
  • Spawn Location: 5:00

VOD

Have the link to the VOD?

Description

Time

  • Played on: Feb. 13, 2019, 2:03 a.m.
  • Length: 11:20
Show
View Real Time Build Order
Export as new Build Order

테라진 Terran 

Build Orders:  

Get SALT Encoding   

  12  0:05  SCV  
Show
View Real Time Build Order
Export as new Build Order

밤하늘 Protoss 

Build Orders:  

Get SALT Encoding   

  12  0:02  Probe (Chrono Boost)  
  13  0:16  Probe (Chrono Boost)  
  14  0:30  Probe (Chrono Boost)  
  14  0:35  Xel'Naga Passageway  
  15  0:44  Probe (Chrono Boost)  
  16  0:58  Probe (Chrono Boost)  
  17  1:11  Probe (Chrono Boost)  
  18  1:27  Zoraya Legion  
  18  1:41  Core Forge  
  18  1:45  Probe (Chrono Boost)  
  19  1:58  Probe (Chrono Boost)  
  20  2:12  Probe (Chrono Boost)  
  21  2:26  Probe (Chrono Boost)  
  22  2:31  Tesseract Cannon  
  22  2:42  Tesseract Cannon  
  22  3:05  Tesseract Cannon  
  22  3:25  Tesseract Cannon  
  22  3:45  Tesseract Cannon  
  22  4:32  Zoraya Legion  
  22  4:48  Tesseract Cannon  
  22  4:56  Tesseract Cannon  
  22  5:04  Xel'Naga Shieldguard  
  23  5:19  Xel'Naga Shieldguard  
  24  5:51  Tesseract Cannon  
  24  5:53  Tesseract Cannon  
  24  6:05  Xel'Naga Shieldguard  
  25  6:23  Tesseract Cannon  
  25  7:40  Zoraya Legion  
  25  7:50  Tesseract Cannon  
  25  7:52  Tesseract Cannon  
  25  8:29  Xel'Naga Shieldguard  
  25  8:31  Tesseract Cannon x2  
  26  9:01  Tesseract Cannon  
  26  10:05  Zoraya Legion  
Tags
 
Add a new tag
Caveats
  • Supply blocks, unpowered buildings, or Contaminate may cause inaccurate times.
  • Supply counts are checked every 10 seconds.